 Dungeon Sprint DCSS version 0.29-a0-892-g2c4c91d9db (webtiles) character file.

Game seed: 10694444614852608498

25700000 Garessta the Axe Maniac (level 27, -30/228 HPs)
             Began as a Djinni Warper on July 23, 2022.
             Was the Champion of Makhleb.
             Killed from afar by a dread (32 damage)
             ... with damnation
             ... in the Dungeon (Sprint VIII: "Arena of Blood").
             The game lasted 00:14:46 (257 turns).

Garessta the Axe Maniac (Djinni Warper)              Turns: 257, Time: 00:14:46

Health: -30/228    AC:  6    Str: 10    XL:     27
Gold:   0          EV: 37    Int: 16    God:    Makhleb [******] SH:  0 Dex: 26

rFire   + + .      SeeInvis +   i - +∞ Axe of Woe
rCold   x . .      Faith    .   (shield currently unavailable)
rNeg    . . .      Spirit   .   b - +0 leather armour
rPois   ∞          Reflect  .   (no helmet)
rElec   .          Harm     .   (no cloak)
rCorr   .          Rampage  .   (no gloves)
Will    ++...      NoTele   +   (boots unavailable)
Stlth   ++++......              (no amulet)
HPRegen 0.48/turn               g - ring of see invisible
MPRegen 0.00/turn               (no ring)

@: flying
A: sickness immunity, fire resistance 2, cold vulnerability 1, float, innate
caster, HP casting, extra vitality 1
0: Orb of Zot
a: Renounce Religion, Minor Destruction, Lesser Servant of Makhleb, Major
Destruction, Greater Servant of Makhleb


You were in the Dungeon.
You worshipped Makhleb.
Makhleb was exalted by your worship.
You visited 1 branch

Inventory:

Hand Weapons
 a - a +0 hand axe
 i - the +∞ Axe of Woe (weapon)
   (You found it in the Dungeon)
Missiles
 d - 7 boomerangs of dispersal
Armour
 b - a +0 leather armour (worn)
Jewellery
 g - a ring of see invisible (left hand)
Potions
 h - a potion of berserk rage


   Skills:
 O Level 27 Fighting
 O Level 27 Short Blades
 O Level 27 Long Blades
 O Level 27 Axes
 O Level 27 Maces & Flails
 O Level 27 Polearms
 O Level 27 Staves
 O Level 27 Ranged Weapons
 O Level 27 Throwing
 O Level 27 Armour
 O Level 27 Dodging
 O Level 27 Stealth
 O Level 27 Shields
 O Level 27 Unarmed Combat
 O Level 27 Spellcasting
 O Level 27 Invocations
 O Level 27 Evocations


You couldn't memorise any spells.
You knew the following spells:

 Your Spells              Type           Power      Damage    Failure   Level
a - Blink                 Tloc           100%       N/A       0%          2
b - Lesser Beckoning      Tloc           82%        N/A       0%          3
c - Gell's Gravitas       Tloc           82%        N/A       0%          3
d - Teleport Other        Tloc           82%        N/A       0%          3
e - Manifold Assault      Tloc           82%        N/A       0%          5
f - Apportation           Tloc           100%       N/A       0%          1
g - Passwall              Tmut/Erth      68%        N/A       0%          2
h - Spider Form           Tmut/Pois      82%        N/A       0%          3
i - Summon Guardian Gole  Hex/Summ       82%        N/A       0%          3
j - Irradiate             Conj/Tmut      41%        3d25      0%          5
k - Silence               Hex/Air        41%        N/A       0%          5
l - Statue Form           Tmut/Erth      54%        N/A       0%          6
m - Starburst             Conj/Fire      41%        6d12      0%          6
n - Ozocubu's Refrigerat  Ice            41%        4d13      1%          7
o - Storm Form            Tmut/Air       41%        N/A       1%          7
p - Orb of Destruction    Conj           41%        9d11      1%          7
q - Lehudib's Crystal Sp  Conj/Erth      41%        10d10     1%          8
r - Polar Vortex          Ice            41%        N/A       2%          9
Your spell library was empty.

Dungeon Overview and Level Annotations

Branches:
Dungeon (1/1)

Altars:
Makhleb


Innate Abilities, Weirdness & Mutations

You are immune to sickness and miasma.
You are immune to poison.
Your flesh is very heat resistant. (rF++)
You are vulnerable to cold. (rC-)
You float through the air rather than walking.
You learn spells naturally, not from books.
Your magical power is your life essence.
You have superior vitality. (+4 MHP)


Message History

A bag of meat comes into view. It is wielding a +9 war axe.
An Orb Guardian comes into view.
A fleshlord comes into view. It is wielding a +9 great mace.
The wretched soul is engulfed in blazing flames.
The meat beast bites you.
* * * LOW HITPOINT WARNING * * *
The meat beast tramples you but does no damage.
You hear a shout! x2
You slice the meat beast!!
You dissect the meat beast like a pig carcass.
You kill the meat beast!
Makhleb accepts your kill.
You feel better.
You hit the dread.
You butcher the dread messily.
You destroy the dread!
Makhleb accepts your kill.
You feel better.
The accursed points at you and mumbles some strange words.
Something smites you!
* * * LOW HITPOINT WARNING * * *
The eight-headed meat hydra calls on the powers of darkness!
The eight-headed meat hydra convulses!
The scourge convulses!
The Orb Guardian convulses!
The bag of meat convulses! x2
The fleshlord convulses!
The eight-headed meat hydra convulses!
The fleshlord convulses!
The observer convulses!
The fleshlord convulses!
Your body is wracked with pain!
* * * LOW HITPOINT WARNING * * *
The bag of meat convulses!
The dread throws damnation at you.
The sphere of damnation explodes!
The damnation engulfs you!!
* * * LOW HITPOINT WARNING * * *
An eight-headed meat hydra comes into view.
The eight-headed meat hydra calls on the powers of darkness!
The eight-headed meat hydra convulses!
The fleshlord convulses!
You feel a surge of unholy energy.
The fleshlord convulses!
The fleshlord gestures at you while chanting.
You barely resist.
An eight-headed meat hydra comes into view.
The dread throws damnation at you.
The sphere of damnation explodes!
The damnation engulfs you!!
You die...
DG..

.... p))D.. .))
.X9DS. .o# 9po..
W†# . ..p###...
..###o.
..)D)))).##...))).
#.).))..._.)))).).
..)..)#Wp.@○#...)
..)..))p.9.☼oS)..M
..†)..#....o#S.S..
#.).)).)._..9)WW..
.§))..))###..)..).
.§)##.)))..)......
....)#))...))#)...
....D#)))....#...
.....)).)°○§))§..


You could see an accursed, an Orb Guardian, 5 eight-headed meat hydras, an
observer (fast, invisible), 4 scourges, 4 fleshlords, 2 dreads, 4 viles, 2
wretched souls and 5 bags of meat.

Vanquished Creatures
  10 molten gargoyles (D)
  Dispater (D)
  22 hell knights (D)
  Sigmund (D)
  21 hell beasts (D)
  Edmund (D)
  10 royal mummies (D)
  28 great orbs of eyes (D)
  21 wraiths (D)
  Harold (D)
  12 vampire knights (D)
  63 ogres (D)
  11 two-headed ogres (D)
  14 liches (D)
  22 hydras (D)
  20 phantoms (D)
  96 orcs (D)
  12 skeletal warriors (D)
  18 sea snakes (D)
  A seraph (D)
  An Orb Guardian (D)
  A daeva (D)
  An angel (D)
  A green death (D)
  A cherub (D)
  A shadow demon (D)
391 creatures vanquished.

Notes
Turn   | Place    | Note
-------+----------+-------------------------------------------
     0 | D        | Found the +∞ Axe of Woe
     0 | D        | Garessta the Djinni Warper began the quest for the Orb.
     0 | D        | Garessta set off with the following spells memorised:
                  | Blink, Lesser Beckoning, Gell's Gravitas, Teleport Other,
                  | Manifold Assault.
     0 | D        | Reached XP level 1. HP: 18/18 MP: 0/0
     1 | D        | Noticed a bag of meat
     2 | D        | Noticed a bag of meat
     3 | D        | Became a worshipper of Makhleb the Destroyer
     5 | D        | Noticed a bag of meat
     5 | D        | Noticed a bag of meat
     6 | D        | Noticed a bag of meat
     7 | D        | Killed a bag of meat
     7 | D        | Killed a bag of meat
     7 | D        | Reached * piety under Makhleb
     7 | D        | Noticed a meat berserker
     7 | D        | Noticed a bag of meat
     7 | D        | Noticed a bag of meat
     7 | D        | Noticed a bag of meat
     7 | D        | Noticed a bag of meat
     7 | D        | Noticed a bag of meat
     8 | D        | Reached XP level 2. HP: 23/23 MP: 0/0
     8 | D        | Reached XP level 3. HP: 28/28 MP: 0/0
     8 | D        | Learned a level 1 spell: Apportation
     8 | D        | Reached XP level 4. HP: 33/33 MP: 0/0
     8 | D        | Reached XP level 5. HP: 38/38 MP: 0/0
     8 | D        | Learned a level 2 spell: Passwall
     8 | D        | Reached XP level 6. HP: 43/43 MP: 0/0
     8 | D        | Reached XP level 7. HP: 49/49 MP: 0/0
     8 | D        | Learned a level 3 spell: Spider Form
     8 | D        | Reached XP level 8. HP: 54/54 MP: 0/0
     8 | D        | Reached XP level 9. HP: 58/58 MP: 0/0
     8 | D        | Learned a level 3 spell: Summon Guardian Golem
     8 | D        | Reached XP level 10. HP: 64/64 MP: 0/0
     8 | D        | Reached XP level 11. HP: 68/68 MP: 0/0
     8 | D        | Learned a level 5 spell: Irradiate
     8 | D        | Reached XP level 12. HP: 74/74 MP: 0/0
     8 | D        | Noticed a bag of meat
     8 | D        | Noticed a bag of meat
     8 | D        | Noticed a meat berserker
     9 | D        | Noticed a bag of meat
     9 | D        | Noticed a bag of meat
     9 | D        | Noticed a bag of meat
    10 | D        | Noticed a bag of meat
    10 | D        | Noticed a bag of meat
    10 | D        | Noticed a bag of meat
    10 | D        | Noticed a bag of meat
    11 | D        | Killed a bag of meat
    11 | D        | Noticed a meat berserker
    12 | D        | Reached XP level 13. HP: 78/78 MP: 0/0
    12 | D        | Learned a level 5 spell: Silence
    12 | D        | Killed a bag of meat
    12 | D        | Killed a bag of meat
    12 | D        | Reached ** piety under Makhleb
    12 | D        | Noticed a meat berserker
    13 | D        | Reached skill level 27 in Axes
    13 | D        | Reached XP level 14. HP: 105/105 MP: 0/0
    13 | D        | Killed a bag of meat
    13 | D        | Killed a bag of meat
    13 | D        | Killed a bag of meat
    13 | D        | Reached *** piety under Makhleb
    14 | D        | Reached XP level 15. HP: 124/124 MP: 0/0
    14 | D        | Learned a level 6 spell: Statue Form
    14 | D        | Killed a meat berserker
    14 | D        | Killed a meat berserker
    14 | D        | Reached **** piety under Makhleb
    15 | D        | Reached XP level 16. HP: 147/147 MP: 0/0
    15 | D        | Noticed a large bag of meat
    16 | D        | Reached ***** piety under Makhleb
    17 | D        | Reached skill level 27 in Fighting
    17 | D        | Reached skill level 27 in Dodging
    17 | D        | Reached XP level 17. HP: 160/160 MP: 0/0
    17 | D        | Learned a level 6 spell: Starburst
    17 | D        | Noticed a meat berserker
    18 | D        | Killed a meat berserker
    19 | D        | Reached skill level 10 in Armour
    19 | D        | Reached skill level 10 in Invocations
    19 | D        | Noticed a meat berserker
    20 | D        | Reached skill level 10 in Spellcasting
    20 | D        | Reached XP level 18. HP: 167/167 MP: 0/0
    20 | D        | Killed a meat berserker
    21 | D        | Reached skill level 15 in Armour
    21 | D        | Reached skill level 15 in Invocations
    22 | D        | Noticed a meat berserker
    23 | D        | Noticed a large bag of meat
    23 | D        | Killed a large bag of meat
    23 | D        | Reached ****** piety under Makhleb
    23 | D        | Noticed a large bag of meat
    24 | D        | Reached skill level 15 in Throwing
    24 | D        | Reached XP level 19. HP: 174/174 MP: 0/0
    24 | D        | Learned a level 7 spell: Ozocubu's Refrigeration
    24 | D        | Noticed a destroyer
    24 | D        | Killed a meat berserker
    24 | D        | Killed a meat berserker
    25 | D        | Reached XP level 20. HP: 105/181 MP: 0/0
    25 | D        | Killed a meat berserker
    25 | D        | Killed a large bag of meat
    26 | D        | Noticed a destroyer
    27 | D        | Noticed a large bag of meat
    27 | D        | Killed a large bag of meat
    27 | D        | Killed a destroyer
    27 | D        | Noticed a meat berserker
    27 | D        | Noticed a meat berserker
    28 | D        | Reached XP level 21. HP: 187/187 MP: 0/0
    28 | D        | Learned a level 7 spell: Storm Form
    28 | D        | Killed a large bag of meat
    28 | D        | Killed a meat berserker
    28 | D        | Noticed an eight-headed meat hydra
    30 | D        | Reached XP level 22. HP: 194/194 MP: 0/0
    32 | D        | Killed a destroyer
    32 | D        | Killed a meat berserker
    33 | D        | Reached skill level 27 in Armour
    33 | D        | Reached skill level 27 in Invocations
    35 | D        | Killed a nine-headed meat hydra
    38 | D        | Noticed a large bag of meat
    38 | D        | Noticed a destroyer
    40 | D        | Noticed a large bag of meat
    41 | D        | Killed a destroyer
    41 | D        | Killed a large bag of meat
    42 | D        | Reached skill level 27 in Throwing
    42 | D        | Reached skill level 27 in Stealth
    42 | D        | Reached skill level 27 in Spellcasting
    42 | D        | Reached XP level 23. HP: 126/201 MP: 0/0
    42 | D        | Learned a level 7 spell: Orb of Destruction
    42 | D        | Killed a large bag of meat
    43 | D        | Noticed a destroyer
    43 | D        | Noticed a destroyer
    43 | D        | Noticed The Servant
    44 | D        | Killed The Servant
    44 | D        | Killed a destroyer
    44 | D        | Killed a destroyer
    45 | D        | Reached skill level 27 in Unarmed Combat
    45 | D        | Reached XP level 24. HP: 208/208 MP: 0/0
    45 | D        | Noticed a tyrant
    45 | D        | Killed a tyrant
    51 | D        | Noticed an accursed
    52 | D        | Killed an accursed
    53 | D        | Reached XP level 25. HP: 108/214 MP: 0/0
    53 | D        | Learned a level 8 spell: Lehudib's Crystal Spear
    61 | D        | Noticed a tyrant
    62 | D        | Noticed a dread
    62 | D        | Killed a tyrant
    62 | D        | Killed a dread
    63 | D        | Reached skill level 27 in Maces & Flails
    63 | D        | Reached skill level 27 in Polearms
    63 | D        | Noticed an accursed
    64 | D        | Killed an accursed
    65 | D        | Reached XP level 26. HP: 98/221 MP: 0/0
    65 | D        | Noticed an accursed
    66 | D        | Killed an accursed
    67 | D        | Reached skill level 27 in Staves
    67 | D        | Reached skill level 5 in Ranged Weapons
    67 | D        | Noticed a meat beast
    67 | D        | Killed a meat beast
    68 | D        | Reached skill level 15 in Shields
    68 | D        | Reached skill level 15 in Evocations
    68 | D        | Reached XP level 27. HP: 111/228 MP: 0/0
    68 | D        | Learned a level 9 spell: Polar Vortex
    70 | D        | Reached skill level 15 in Short Blades
    70 | D        | Reached skill level 15 in Long Blades
    71 | D        | Noticed a dread
    72 | D        | Killed a dread
    74 | D        | Noticed a meat beast
    74 | D        | Noticed a dread
    74 | D        | Noticed a meat beast
    75 | D        | Killed a meat beast
    75 | D        | Killed a dread
    75 | D        | Killed a meat beast
    76 | D        | Reached skill level 27 in Shields
    76 | D        | Reached skill level 27 in Evocations
    77 | D        | Noticed an accursed
    78 | D        | Killed an accursed
    79 | D        | Reached skill level 27 in Short Blades
    79 | D        | Reached skill level 27 in Long Blades
    79 | D        | Reached skill level 27 in Ranged Weapons
    80 | D        | Noticed an accursed
    81 | D        | Killed an accursed
    83 | D        | Noticed a dread
    84 | D        | Killed a dread
    84 | D        | Noticed a tyrant
    85 | D        | Killed a tyrant
    87 | D        | Noticed a meat beast
    87 | D        | Killed a meat beast
    89 | D        | Noticed a destroyer
    90 | D        | Killed a destroyer
    91 | D        | Noticed a destroyer
    92 | D        | Killed a destroyer
    93 | D        | Noticed a tyrant
    94 | D        | Killed a tyrant
    94 | D        | Noticed a meat beast
    95 | D        | Killed a meat beast
    97 | D        | Noticed a destroyer
    98 | D        | Killed a destroyer
   100 | D        | Noticed a tyrant
   100 | D        | Killed a tyrant
   102 | D        | Noticed a dread
   102 | D        | Killed a dread
   105 | D        | Noticed an accursed
   106 | D        | Killed an accursed
   108 | D        | Noticed a meat beast
   109 | D        | Killed a meat beast
   112 | D        | Noticed a destroyer
   113 | D        | Killed a destroyer
   113 | D        | Noticed a tyrant
   113 | D        | Noticed a tyrant
   114 | D        | Killed a tyrant
   114 | D        | Killed a tyrant
   116 | D        | Noticed a meat beast
   117 | D        | Killed a meat beast
   117 | D        | Noticed a dread
   117 | D        | Noticed a fleshlord
   118 | D        | Killed a fleshlord
   118 | D        | Killed a dread
   120 | D        | Noticed a fleshlord
   120 | D        | Killed a fleshlord
   121 | D        | Noticed The Captor
   122 | D        | Noticed a fleshlord
   122 | D        | Killed a fleshlord
   122 | D        | Killed The Captor
   123 | D        | Noticed a large bag of meat
   123 | D        | Noticed a fleshlord
   124 | D        | Killed a fleshlord
   124 | D        | Killed a large bag of meat
   124 | D        | Noticed a fleshlord
   125 | D        | Killed a fleshlord
   125 | D        | Noticed a tyrant
   125 | D        | Noticed a tyrant
   126 | D        | Killed a tyrant
   126 | D        | Killed a tyrant
   127 | D        | Noticed an accursed
   128 | D        | Killed an accursed
   128 | D        | Noticed a dread
   129 | D        | Killed a dread
   132 | D        | Noticed a meat beast
   133 | D        | Killed a meat beast
   134 | D        | Noticed a tyrant
   135 | D        | Killed a tyrant
   136 | D        | Noticed The Defiler
   137 | D        | Killed The Defiler
   139 | D        | Noticed a large bag of meat
   140 | D        | Killed a large bag of meat
   140 | D        | Noticed a tyrant
   140 | D        | Noticed a fleshlord
   141 | D        | Killed a tyrant
   141 | D        | Killed a fleshlord
   141 | D        | Noticed a destroyer
   142 | D        | Killed a destroyer
   146 | D        | Noticed The Meatlord
   146 | D        | Killed The Meatlord
   147 | D        | Got the Orb of Zot
   147 | D        | Noticed a tyrant
   148 | D        | Killed a tyrant
   149 | D        | Noticed a fleshlord
   150 | D        | Killed a fleshlord
   150 | D        | Noticed a meat beast
   151 | D        | Killed a meat beast
   153 | D        | Noticed a dread
   154 | D        | Killed a dread
   156 | D        | Noticed a fleshlord
   157 | D        | Killed a fleshlord
   158 | D        | Noticed a meat beast
   159 | D        | Noticed a meat beast
   160 | D        | Killed a meat beast
   160 | D        | Noticed a meat beast
   161 | D        | Killed a meat beast
   164 | D        | Noticed a meat beast
   164 | D        | Noticed a meat beast
   165 | D        | Killed a meat beast
   165 | D        | Noticed a destroyer
   166 | D        | Killed a destroyer
   167 | D        | Killed a meat beast
   168 | D        | Noticed a tyrant
   169 | D        | Killed a tyrant
   176 | D        | Noticed a fleshlord
   177 | D        | Killed a fleshlord
   179 | D        | Noticed a dread
   179 | D        | Killed a dread
   182 | D        | Noticed a dread
   183 | D        | Killed a dread
   184 | D        | Noticed a large bag of meat
   185 | D        | Killed a large bag of meat
   187 | D        | Noticed a meat beast
   188 | D        | Killed a meat beast
   188 | D        | Killed a meat beast
   188 | D        | Noticed a large bag of meat
   189 | D        | Killed a large bag of meat
   191 | D        | Noticed an accursed
   191 | D        | Noticed a fleshlord
   192 | D        | Killed a fleshlord
   193 | D        | Killed an accursed
   196 | D        | Noticed a fleshlord
   196 | D        | Killed a fleshlord
   197 | D        | Noticed a dread
   198 | D        | Killed a dread
   199 | D        | Noticed a dread
   200 | D        | Killed a dread
   200 | D        | Noticed a destroyer
   201 | D        | Killed a destroyer
   201 | D        | Noticed a dread
   202 | D        | Killed a dread
   204 | D        | Noticed a fleshlord
   204 | D        | Killed a fleshlord
   207 | D        | Noticed a vile
   207 | D        | Killed a vile
   208 | D        | Noticed a fleshlord
   209 | D        | Killed a fleshlord
   212 | D        | Noticed a meat beast
   212 | D        | Noticed a fleshlord
   213 | D        | Killed a fleshlord
   213 | D        | Killed a meat beast
   213 | D        | Noticed a dread
   214 | D        | Killed a dread
   215 | D        | Noticed a fleshlord
   215 | D        | Killed a fleshlord
   215 | D        | Noticed a fleshlord
   216 | D        | Killed a fleshlord
   216 | D        | Noticed a dread
   217 | D        | Killed a dread
   217 | D        | Noticed an accursed
   218 | D        | Killed an accursed
   220 | D        | Noticed a vile
   221 | D        | Killed a vile
   223 | D        | Noticed a dread
   224 | D        | Killed a dread
   229 | D        | Noticed a meat beast
   230 | D        | Noticed a vile
   230 | D        | Killed a vile
   230 | D        | Killed a meat beast
   230 | D        | Noticed a fleshlord
   231 | D        | Killed a fleshlord
   233 | D        | Noticed a seraph
   233 | D        | Killed a seraph
   234 | D        | Noticed a vile
   234 | D        | Killed a vile
   235 | D        | Noticed a vile
   235 | D        | Noticed a dread
   237 | D        | Killed a vile
   237 | D        | Noticed a dread
   239 | D        | Killed a dread
   239 | D        | Killed a dread
   240 | D        | Noticed a large bag of meat
   240 | D        | Noticed a fleshlord
   241 | D        | Noticed a dread
   244 | D        | Killed a dread
   245 | D        | Noticed a vile
   245 | D        | Noticed a vile
   245 | D        | Killed a fleshlord
   245 | D        | Killed a vile
   245 | D        | Noticed a fleshlord
   245 | D        | Noticed a dread
   246 | D        | Killed a dread
   246 | D        | Killed a fleshlord
   246 | D        | Killed a large bag of meat
   246 | D        | Noticed a fleshlord
   247 | D        | Noticed a vile
   247 | D        | Noticed a vile
   247 | D        | Killed a vile
   248 | D        | Killed a vile
   249 | D        | Killed a fleshlord
   249 | D        | Noticed a meat beast
   249 | D        | Noticed a fleshlord
   249 | D        | Noticed an accursed
   249 | D        | Noticed a vile
   250 | D        | Killed a vile
   250 | D        | Killed a meat beast
   250 | D        | Noticed a fleshlord
   250 | D        | Noticed a meat beast
   250 | D        | Noticed a vile
   250 | D        | Noticed a dread
   250 | D        | Noticed a tyrant
   251 | D        | Killed a fleshlord
   251 | D        | Killed a tyrant
   251 | D        | Noticed a meat beast
   252 | D        | Noticed a meat beast
   252 | D        | Noticed a fleshlord
   252 | D        | Noticed a fleshlord
   252 | D        | Noticed a fleshlord
   253 | D        | Noticed a vile
   253 | D        | Noticed a dread
   253 | D        | Killed a meat beast
   254 | D        | Killed a vile
   254 | D        | Killed a fleshlord
   254 | D        | Noticed a vile
   254 | D        | Noticed a dread
   254 | D        | Noticed an accursed
   255 | D        | Killed an accursed
   255 | D        | Killed a meat beast
   255 | D        | HP: 5/213 [wretched soul/bolt of negative energy (46)]
   255 | D        | Noticed a vile
   256 | D        | Noticed a fleshlord
   257 | D        | Killed a meat beast
   257 | D        | Killed a dread
   257 | D        | HP: 2/228 [dread/damnation (28)]
   257 | D        | Killed from afar by a dread

Illustrated notes

Levels and vault maps discovered:
D:        meatsprint

Skill      XL: |  1  2  3  4  5  6  7  8  9 10 11 12 13 14 15 16 17 18 19 20 21 22 23 24 25 26 27 |
---------------+----------------------------------------------------------------------------------+-----
Axes           | 24 26 27 | 27.0
Fighting       | 11 17 24 27 | 27.0
Dodging        | 12 18 26 27 | 27.0
Throwing       | 3 11 15 17 21 22 27 | 27.0
Armour         | 4 13 18 20 24 26 27 | 27.0
Stealth        | 4 12 16 19 22 24 27 | 27.0
Spellcasting   | 4 10 14 16 19 21 27 | 27.0
Invocations    | 4 13 18 20 24 26 27 | 27.0
Unarmed Combat | 4 27 | 27.0
Maces & Flails | 13 24 27 | 27.0
Polearms       | 13 24 27 | 27.0
Staves         | 23 27 | 27.0
Short Blades   | 14 27 | 27.0
Long Blades    | 14 27 | 27.0
Ranged Weapons | 12 27 | 27.0
Shields        | 15 27 | 27.0
Evocations     | 15 27 | 27.0

Action                   |  1- 3 |  4- 6 |  7- 9 | 10-12 | 13-15 | 16-18 | 19-21 | 22-24 | 25-27 || total
-------------------------+-------+-------+-------+-------+-------+-------+-------+-------+-------++-------
Melee: Executioner's axe |     1 |       |       |     1 |     3 |     9 |    11 |    20 |   331 ||   376
 Cast: Manifold Assault  |       |       |       |       |       |     1 |     3 |     9 |   154 ||   167
       Apportation       |       |       |       |       |       |       |       |     1 |       ||     1
  Use: Potion            |       |       |       |       |       |     1 |       |       |     2 ||     3
       Scroll            |       |       |       |       |       |       |       |     2 |       ||     2
Armor: Leather armour    |       |       |       |       |       |       |       |       |     1 ||     1
Dodge: Dodged            |       |       |       |       |       |       |       |       |     4 ||     4

Table legend: (Time is in decaauts)
 A = Elapsed time spent in this place.
 B = Non-inter-level travel time spent in this place.
 C = Inter-level travel time spent in this place.
 D = Time resting spent in this place.
 E = Time spent auto-exploring this place.
 F = Levels seen in this place.
 G = Mean time per level.
                   A        B        C        D        E       F      G
               +--------+--------+--------+--------+--------+-----+--------+
         Total |    197 |    197 |      0 |     21 |      0 |   1 |  197.0 |
       Dungeon |    197 |    197 |      0 |     21 |      0 |   1 |  197.0 |
               +--------+--------+--------+--------+--------+-----+--------+

Top non-repeatable levels by time:
       D: 197 daAuts
